 Dungeon Crawl Stone Soup version 0.31-a0-1529-g7bd419a0e5 (webtiles) character file.

Game seed: 16539677071095542864

12461 Dirian the Cleaver (level 11, -6/101 HPs)
             Began as a Minotaur Fighter on Jan 1, 2024.
             Was a Believer of Okawaru.
             Mangled by a manticore (7 damage)
             ... on level 11 of the Dungeon.
             The game lasted 00:16:37 (10707 turns).

Dirian the Cleaver (Minotaur Fighter)              Turns: 10707, Time: 00:16:38

Health: -6/101     AC: 23    Str: 25    XL:     11   Next: 62%
Magic:  11/11      EV:  8    Int:  5    God:    Okawaru [**....]
Gold:   493        SH:  5    Dex: 10    Spells: 10/10 levels left

rFire   + . .        B - +4 war axe (protect)
rCold   + . .        c - +0 buckler
rNeg    . . .        i - +1 chain mail
rPois   .            (helmet restricted)
rElec   .            (no cloak)
rCorr   .            (no gloves)
SInv    .            s - +2 pair of boots
Will    .....        (no amulet) Stlth
                     m - ring of protection from fire
HPRegen 0.36/turn    o - ring of protection from cold
MPRegen 0.12/turn

%: no passive effects
@: under a protective aura
A: horns 2, retaliatory headbutt
a: Renounce Religion, Heroism


You were on level 11 of the Dungeon.
You worshipped Okawaru.
Okawaru was pleased with you.
You visited 2 branches of the dungeon, and saw 12 of its levels.

You collected 605 gold pieces.
You spent 112 gold pieces at shops.

Inventory:

Hand Weapons
 a - a +0 war axe
 B - a +4 war axe of protection (weapon)
Missiles
 g - a throwing net
 j - 16 darts of dispersal
 k - 80 poisoned darts
 l - 7 curare-tipped darts
 p - 6 boomerangs (quivered)
Armour
 c - a +0 buckler (worn)
 i - a +1 chain mail (worn)
 s - a +2 pair of boots (worn)
Jewellery
 m - a ring of protection from fire (left hand)
 o - a ring of protection from cold (right hand)
 D - a ring of ice
Wands
 d - a wand of quicksilver (1)
 x - a wand of roots (8)
 A - a wand of polymorph (14)
 H - a wand of flame (21)
Scrolls
 b - a scroll of poison
 e - a scroll of immolation
 r - 2 scrolls of identify
 t - 4 scrolls of teleportation
 u - 2 scrolls of revelation
 y - a scroll of butterflies
 z - 4 scrolls of blinking
 G - a scroll of silence
Potions
 f - a potion of brilliance
 h - 2 potions of haste
 n - 3 potions of mutation
 q - 2 potions of curing
 v - a potion of attraction
 w - 2 potions of heal wounds
 C - a potion of invisibility


   Skills:
 + Level 10.3 Fighting
 + Level 14.5 Axes
 * Level 5.7 Throwing
 + Level 10.2 Armour
 + Level 7.0 Shields
 * Level 2.2 Invocations
 * Level 2.5 Evocations


You had 10 spell levels left.
You didn't know any spells.
Your spell library contained the following spells:

 Spells                   Type           Power      Damage    Failure   Level
 Freeze                   Ice            0%         1d3       94%         1
 Cigotuvi's Dreadful Rot  Necr/Alch/Air  0%         N/A       98%         2
 Frozen Ramparts          Ice            0%         1d1       100%        3
 Hailstorm                Conj/Ice       0%         3d5       100%        3
 Ignite Poison            Fire/Alch      0%         N/A       100%        4
 Freezing Cloud           Conj/Ice/Air   0%         6-21      100%        5
 Summon Forest            Summ/Tloc      Unusable   N/A       N/A         5
 Summon Mana Viper        Hex/Summ       Unusable   N/A       N/A         5
 Summon Cactus Giant      Summ           Unusable   N/A       N/A         6

Dungeon Overview and Level Annotations

Branches:
Dungeon (11/15) Zot: 26916  Temple (1/1) D:7 Zot: 5998    Lair (0/5) D:11
    Orc (0/2) D:10

Altars:
Cheibriados
Dithmenos
Fedhas
Gozag
Hepliaklqana
Kikubaaqudgha
Makhleb
Nemelex Xobeh
Okawaru
Qazlal
Ru
Sif Muna
Trog
Uskayaw
Vehumet
Wu Jian
Xom
Yredelemnul
Zin
The Shining One

Shops:
D:8 ?

Annotations:
D:9 4 transporters


Innate Abilities, Weirdness & Mutations

You have a pair of horns on your head.
You reflexively headbutt those who attack you in melee.


Message History

Something hits you but does no damage.
The manticore flicks its tail.
The volley of spikes skewers you!
The barbed spikes become lodged in your body.
You closely miss the shadow. Your headbutt misses the shadow.
The shadow slips into darkness.
The shadow flickers and vanishes!
The manticore flicks its tail.
The volley of spikes skewers something.
You miss something. You headbutt something!
The shadow strikes at you from the darkness!
Reactivating autopickup.
You barely miss the shadow.
The shadow is heavily damaged.
You hit the shadow.
Your weapon exudes an aura of protection.
The shadow is severely damaged.
You carefully extract the barbed spikes from your body.
The shadow barely misses you.
You slash the shadow!
You destroy the shadow!
Okawaru accepts your kill. Something hits you.
Deactivating autopickup; reactivate with Ctrl-A.
You slash the manticore! You headbutt the manticore!
The manticore is heavily wounded.
You barely miss the manticore. You headbutt the manticore!
The manticore is heavily wounded.
The manticore bites you!
* * * LOW HITPOINT WARNING * * *
The manticore claws you!
* * * LOW HITPOINT WARNING * * *
The manticore claws you.
* * * LOW HITPOINT WARNING * * *
You slash the manticore! You headbutt the manticore!
The manticore is almost dead.
The manticore bites you!
* * * LOW HITPOINT WARNING * * *
The manticore closely misses you. The manticore claws you!
You die...

..P....†..P..P...
....PP.[....P....
...P........P.P..
###.P..†.....P...
...#......P.....
#######.....P.##.
#.{†..###
####H####
#....@..#
#....(..#
#.......#
#.......#
.......####
########


You could see a manticore.

Vanquished Creatures
  Fannar (D:10)
  A two-headed ogre (D:9)
  Pikel (D:5)
  A gargoyle (D:10)
  A kobold demonologist (D:9)
  Maggie (D:6)
  A komodo dragon (D:11)
  2 trolls
  2 hornets
  2 shadows
  A wyvern (D:9)
  13 yaks
  A wraith (D:10)
  Grum (D:10)
  A steam dragon (D:7)
  3 acid dragons
  3 water moccasins
  4 black bears
  5 orc warriors
  2 sky beasts (D:7)
  2 ice beasts
  4 ogres
  4 centaurs
  2 wolves (D:10)
  3 lemures (D:5)
  11 kobold brigands
  8 bullfrogs
  A wyvern zombie (D:8)
  2 scorpions
  4 wights (D:8)
  6 killer bees (D:8)
  4 howler monkeys
  A centaur zombie (D:8)
  4 hounds
  2 bombardier beetles
  A jelly (D:4)
  9 orc priests
  3 gnoll boudas
  3 iguanas
  4 sleepcaps
  Jessica (D:3)
  11 orc wizards
  14 gnolls
  8 adders
  2 shadow imps (D:9)
  2 white imps
  4 ufetubi
  2 dart slugs
  2 ribbon worms
  36 orcs
  11 bats
  7 endoplasms
  4 giant cockroaches
  20 goblins
  4 hobgoblins
  5 jackals
  6 quokkas
  5 ball pythons
  4 frilled lizards
  35 kobolds
  9 kobold skeletons (D:9)
  9 kobold zombies (D:9)
  2 rats
328 creatures vanquished.

Vanquished Creatures (others)
  An orc wizard (D:6)
1 creature vanquished.

Grand Total: 329 creatures vanquished

Notes
Turn   | Place    | Note
-------+----------+-------------------------------------------
     0 | D:1      | Dirian the Minotaur Fighter began the quest for the Orb.
     0 | D:1      | Reached XP level 1. HP: 19/19 MP: 0/0
   136 | D:1      | Reached XP level 2. HP: 27/27 MP: 1/1
   322 | D:1      | Reached XP level 3. HP: 33/33 MP: 2/2
   656 | D:2      | Found a radiant altar of Vehumet.
   683 | D:2      | Reached skill level 3 in Axes
  1052 | D:2      | Reached XP level 4. HP: 38/41 MP: 3/3
  1372 | D:3      | Identified the +3 leather armour of the Seven Nights {MP+9}
  1382 | D:3      | Noticed Jessica
  1391 | D:3      | Killed Jessica
  1392 | D:3      | Reached skill level 4 in Axes
  1633 | D:3      | Reached XP level 5. HP: 39/47 MP: 4/4
  2427 | D:4      | Reached skill level 5 in Fighting
  2427 | D:4      | Reached skill level 5 in Axes
  2593 | D:4      | Reached XP level 6. HP: 54/56 MP: 5/5
  2956 | D:4      | Reached skill level 5 in Armour
  3243 | D:4      | Reached skill level 6 in Axes
  3371 | D:4      | Reached XP level 7. HP: 46/62 MP: 6/6
  3779 | D:5      | Entered Level 5 of the Dungeon
  3802 | D:5      | Noticed Pikel
  3816 | D:5      | Killed Pikel
  3817 | D:5      | Reached skill level 8 in Axes
  3817 | D:5      | Reached skill level 5 in Shields
  3817 | D:5      | Reached XP level 8. HP: 35/71 MP: 7/7
  4346 | D:5      | Reached skill level 1 in Throwing
  4349 | D:5      | Found a glowing golden altar of the Shining One.
  4363 | D:5      | Found a hide-covered altar of Uskayaw.
  4864 | D:6      | Noticed Maggie
  4876 | D:6      | Killed Maggie
  4877 | D:6      | Reached skill level 9 in Axes
  4987 | D:6      | Found a burning altar of Makhleb.
  5438 | D:6      | Reached XP level 9. HP: 75/79 MP: 8/8
  5554 | D:6      | Reached skill level 10 in Axes
  5737 | D:7      | Found a shimmering altar of Xom.
  5925 | D:7      | Found a staircase to the Ecumenical Temple.
  5962 | Temple   | Entered the Ecumenical Temple
  6223 | D:7      | Reached skill level 11 in Axes
  6234 | D:7      | Found a blossoming altar of Fedhas.
  6303 | D:7      | Paralysed by a hornet for 1 turns
  6800 | D:8      | Found Omi Ale's Magic Scroll Boutique.
  6805 | D:8      | Bought a scroll of revelation for 112 gold pieces
  7048 | D:8      | Reached XP level 10. HP: 87/88 MP: 9/9
  7054 | D:8      | Found a basalt altar of Yredelemnul.
  7638 | D:8      | Reached skill level 12 in Axes
  7987 | D:8      | Reached skill level 5 in Throwing
  8511 | D:9      | Noticed a two-headed ogre
  8523 | D:9      | Killed a two-headed ogre
  8524 | D:9      | Reached skill level 13 in Axes
  8683 | D:9      | Found a sparkling altar of Nemelex Xobeh.
  8819 | D:9      | Found a shimmering blue altar of Sif Muna.
  8858 | D:9      | Found a transporter.
  8896 | D:9      | Found a transporter.
  8903 | D:9      | Found a transporter.
  8988 | D:9      | Found a transporter.
  9115 | D:9      | Identified the +0 hand axe of Youthful Indiscretion {drain,
                  | rN++ Int+3 Stlth+}
  9215 | D:9      | Found an ancient bone altar of Kikubaaqudgha.
  9234 | D:9      | Reached XP level 11. HP: 95/97 MP: 10/10
  9452 | D:10     | Entered Level 10 of the Dungeon
  9499 | D:10     | Reached skill level 10 in Armour
  9584 | D:10     | Found an iron altar of Okawaru.
  9644 | D:10     | Became a worshipper of Warmaster Okawaru
  9711 | D:10     | Reached skill level 14 in Axes
  9718 | D:10     | Reached skill level 1 in Invocations
  9718 | D:10     | Reached skill level 1 in Evocations
  9725 | D:10     | Noticed Fannar
  9734 | D:10     | Noticed Grum
  9737 | D:10     | Killed Fannar
  9737 | D:10     | Reached * piety under Okawaru
  9738 | D:10     | Reached skill level 10 in Fighting
  9742 | D:10     | Killed Grum
  9888 | D:10     | Found a staircase to the Orcish Mines.
 10355 | D:10     | Found a glowing silver altar of Zin.
 10356 | D:10     | Found an opulent altar of Gozag.
 10619 | D:11     | Found a staircase to the Lair.
 10655 | D:11     | Reached ** piety under Okawaru
 10707 | D:11     | HP: 1/101 [manticore (9)]
 10707 | D:11     | Mangled by a manticore

Illustrated notes

Levels and vault maps discovered:
D:1:      dpeg_arrival_short_road, layout_basic, serial_bayou,
          serial_bayou_shore_a, serial_bayou_pond_a, serial_bayou_pond_b,
          serial_bayou_pond_e
D:2:      layout_rooms, basic_altar
D:3:      minmay_recursive_quarters, layout_basic, grunt_ministairs_11,
          minmay_fractal_squares_5, uniq_jessica
D:4:      layout_loops_corners, minmay_misc_feat_nine_boxes,
          amcnicky_mini_rare_corridor_liquid, minmay_ogre_servants
D:5:      layout_gridville, mainiacjoe_overflow_catwalk_spiral,
          serial_library_hellmonk_layered_room, uniq_pikel
D:6:      layout_basic, mainiacjoe_overflow_24_doors,
          hangedman_abyss_or_decor_stagger, minmay_unpleasant_kobolds,
          uniq_maggie
D:7:      layout_basic, nicolae_overflow_hidden_temple,
          mainiacjoe_overflow_six_doors_small, fedhas_altar_3,
          minmay_temple_entry_overgrown, minmay_misc_feat_room
D:8:      wad_crossroads, layout_loops_corners, lemuel_zombie_altar_yredelemnul,
          serial_shops, shop
D:9:      wander_kiku_kobolds, layout_basic, mainiacjoe_overflow_catch_the_wave,
          enter_bailey_2, nicolae_transporter_intersection
D:10:     layout_cave_pools, grunt_temple_overflow_gold_and_silver,
          okawaru_gym_becter, minmay_orc_entry_temple_large, item_on_display_b,
          uniq_fannar, uniq_grum
D:11:     layout_basic, due_lair_maze_entry_diamond
Temple:   nicolae_temple_colour_theory

Skill      XL: |  1  2  3  4  5  6  7  8  9 10 11 |
---------------+----------------------------------+-----
Fighting       | 4 5 6 7 8 9 10 | 10.3
Armour         | 4 5 6 7 8 9 10 | 10.2
Shields        | 4 5 6 7 |  7.0
Axes           | 3 4 5 6 8 9 11 13 14 | 14.5
Throwing       | 2 4 5 |  5.7
Invocations    | 2 |  2.2
Evocations     | 2 |  2.5

Action                     |  1- 3 |  4- 6 |  7- 9 | 10-12 || total
---------------------------+-------+-------+-------+-------++-------
  Melee: War axe           |    76 |   134 |   267 |   365 ||   842
         Headbutt          |     7 |    20 |    55 |    68 ||   150
  Throw: Boomerang         |       |       |       |     1 ||     1
 Invoke: Heroism           |       |       |       |     2 ||     2
    Use: Scroll            |       |     6 |     9 |     5 ||    20
         Potion            |       |     2 |     1 |       ||     3
 Armour: Scale mail        |    78 |    87 |       |       ||   165
         Chain mail        |       |    41 |   236 |   293 ||   570
  Dodge: Dodged            |    31 |    74 |    85 |    99 ||   289
  Block: Buckler           |    18 |    25 |    53 |    73 ||   169

Table legend: (Time is in decaauts)
 A = Elapsed time spent in this place.
 B = Non-inter-level travel time spent in this place.
 C = Inter-level travel time spent in this place.
 D = Time resting spent in this place.
 E = Time spent auto-exploring this place.
 F = Levels seen in this place.
 G = Mean time per level.
                   A        B        C        D        E       F      G
               +--------+--------+--------+--------+--------+-----+--------+
         Total |  10766 |  10419 |    347 |    200 |   8316 |  12 |  897.2 |
       Dungeon |  10765 |  10418 |    347 |    200 |   8316 |  11 |  978.6 |
        Temple |      1 |      1 |      0 |      0 |      0 |   1 |    1.0 |
               +--------+--------+--------+--------+--------+-----+--------+

Top non-repeatable levels by time:
     D:8: 1492 daAuts
     D:4: 1446 daAuts
     D:3: 1263 daAuts
     D:9: 1259 daAuts
    D:10: 1146 daAuts
     D:6: 1043 daAuts
     D:7: 963 daAuts
     D:5: 901 daAuts
     D:1: 675 daAuts
     D:2: 490 daAuts
    D:11: 82 daAuts
  Temple: 1 daAuts
